 Dungeon Crawl Stone Soup version 0.18.1-8-gdd0e5ea (webtiles) character file.

48 Scarto the Skirmisher (level 3, -4/29 HPs)
             Began as a Demonspawn Fighter on May 26, 2016.
             Killed by nerve-wracking pain
             ... invoked by an orc priest
              (7 damage)
             ... on level 4 of the Dungeon.
             The game lasted 00:01:43 (1048 turns).

Scarto the Skirmisher (Demonspawn Fighter)          Turns: 1048, Time: 00:01:44

Health: -4/29      AC:  8    Str: 22    XL:     3   Next: 50%
Magic:  3/3        EV:  7    Int:  9    God:
Gold:   101        SH:  9    Dex: 12    Spells: 0 memorised, 2 levels left

rFire  . . .     SeeInvis .     a - +0 war axe
rCold  + . .     Gourm    .     b - +0 scale mail
rNeg   . . .     Faith    .     c - +0 shield
rPois  .         Spirit   .     (no helmet)
rElec  .         Dismiss  .     (no cloak)
rCorr  .         Reflect  .     j - +1 pair of gloves
SustAt .         Harm     .     (no boots)
MR     .....                    (no amulet)
Stlth  ..........               (no ring)
                                (no ring)

@: mighty, lethally poisoned (-4 -> -7), not resistant to hostile enchantments,
extremely unstealthy
A: talons 1, cold resistance 1
a: no special abilities


You were on level 4 of the Dungeon.
You were hungry.

You visited 1 branch of the dungeon, and saw 3 of its levels.

You collected 101 gold pieces.

Inventory:

Hand Weapons
 a - a +0 war axe (weapon)
Armour
 b - a +0 scale mail (worn)
 c - a +0 shield (worn)
 j - a +1 pair of gloves (worn)
Scrolls
 g - a scroll of teleportation {unknown}
 k - a scroll of enchant armour {unknown}
 l - a scroll of identify {unknown}
 m - a scroll of remove curse {unknown}
 n - 3 scrolls of enchant weapon {unknown}
 q - a scroll of immolation {unknown}
 r - a scroll of blinking {unknown}
Potions
 e - a potion of lignification {unknown}
 h - 4 potions of curing {unknown}
 o - a potion of invisibility {unknown}
 p - 2 potions of cancellation {unknown}
Comestibles
 f - 3 bread rations
 i - a beef jerky
 s - a meat ration


   Skills:
 + Level 3.4 Fighting
 + Level 2.3 Axes
 + Level 2.9 Armour
 + Level 3.3 Shields


You had 2 spell levels left.
You didn't know any spells.

Dungeon Overview and Level Annotations

Branches:
Dungeon (2/15)

Altars:
Zin


Innate Abilities, Weirdness & Mutations

You have sharp toenails.
Your flesh is cold resistant.


Message History

The shaft crumbles and collapses. 3 orcs and an orc priest come into view.
The orc shouts! x2; The orc priest shouts!
Found a scroll labeled WEFIHIE FINWA.
Drink which item? (? for menu, Esc to quit)
You feel very mighty all of a sudden.
You feel sick. You block the orc's attack.
The orc priest miscasts a cantrip.
You block the orc's attack.
You slash the orc!
You kill the orc!
You closely miss the orc.
The teleport trap disappears.
The orc disappears!
The orc reappears nearby!
The orc priest invokes the aid of Beogh against you.
Beogh smites you!
* * * LOW HITPOINT WARNING * * *
You block the orc's attack.
The orc priest invokes the aid of Beogh against you.
Pain shoots through your body!
You die...

#..#
#..#
#..#
#.o#
#..#
#.o#
#..#
#)@#
#..#
#.o#
#?.#
#..#
#..#
#...
##.#
.#


You could see an orc priest and 2 orcs.

Vanquished Creatures
  An adder (D:2)
  A dart slug (D:1)
  A giant gecko (D:1)
  An orc (D:4)
  5 bats
  A giant cockroach (D:1)
  7 goblins
  2 hobgoblins (D:1)
  5 kobolds
  2 giant newts (D:1)
  8 rats (D:1)
34 creatures vanquished.

Notes
Turn   | Place    | Note
--------------------------------------------------------------
     0 | D:1      | Scarto the Demonspawn Fighter began the quest for the Orb.
     0 | D:1      | Reached XP level 1. HP: 18/18 MP: 1/1
    48 | D:1      | Gained mutation: You have sharp toenails. [demonic ancestry]
    48 | D:1      | Reached XP level 2. HP: 21/24 MP: 2/2
   595 | D:1      | Found a glowing silver altar of Zin.
   729 | D:1      | Gained mutation: Your flesh is cold resistant. [demonic ancestry]
   729 | D:1      | Reached XP level 3. HP: 29/29 MP: 3/3
  1045 | D:2      | You fall through a shaft for 2 floors!
  1048 | D:4      | Killed from afar by an orc priest

Skill      XL: |  1  2 |
---------------+-------+-----
Axes           | 2 |  2.3
Shields        | 3 |  3.3
Fighting       | |  3.4
Armour         | |  2.9

Action                   || total
-------------------------++-------
Melee: War axe           ||    96
       Kick              ||    15
  Use: Potion            ||     1
Armor: Scale mail        ||    59
Dodge: Dodged            ||    29
Block: Shield            ||    55
